 Dungeon Crawl Stone Soup version 0.18.1-48-g4cf74bf (webtiles) character file.

425 Gadfly the Skirmisher (level 7, -6/55 HPs)
             Began as a Formicid Abyssal Knight on July 14, 2016.
             Was a Priest of Lugonu.
             Mangled by an orc warrior
             ... wielding a +0 glaive
              (18 damage)
             ... on level 3 of the Dungeon on July 15, 2016.
             The game lasted 00:15:30 (6250 turns).

Gadfly the Skirmisher (Formicid Abyssal Knight)     Turns: 6250, Time: 00:15:30

Health: -6/55      AC:  6    Str: 17    XL:     7   Next: 18%
Magic:  9/9        EV:  8    Int: 11    God:    Lugonu [***...]
Gold:   211        SH:  9    Dex: 12    Spells: 0 memorised, 6 levels left

rFire  . . .     SeeInvis +     a - +1 falchion
rCold  . . .     Gourm    .     m - +0 scale mail
rNeg   . . .     Faith    .     h - +1 shield
rPois  +         Spirit   .     (helmet unavailable)
rElec  .         Dismiss  .     (no cloak)
rCorr  .         Reflect  .     (no gloves)
SustAt .         Harm     .     (no boots)
MR     .....                    (no amulet)
Stlth  ..........               l - +3 ring of slaying
                                e - ring of poison resistance

@: not resistant to hostile enchantments, extremely unstealthy
A: permanent stasis, dig shafts and tunnels, four strong arms, antennae 3
a: Dig, Shaft Self, Depart the Abyss, Bend Space, Banish, Renounce Religion


You were on level 3 of the Dungeon.
You worshipped Lugonu.
Lugonu was most pleased with you.
You were hungry.

You visited 1 branch of the dungeon, and saw 4 of its levels.
You visited the Abyss 1 time.

You collected 211 gold pieces.

Inventory:

Hand Weapons
 a - a +1 falchion (weapon)
Missiles
 g - 84 stones (quivered)
 r - 2 tomahawks
 u - 2 tomahawks of returning
Armour
 h - a +1 shield (worn)
 m - a +0 scale mail (worn)
Jewellery
 e - a ring of poison resistance (left hand)
 l - a +3 ring of slaying (right hand)
Wands
 f - a wand of lightning (8/15)
 w - a wand of iceblast (9/15)
Scrolls
 i - a scroll of enchant armour
 s - a scroll of enchant weapon {unknown}
 t - a scroll of fear {unknown}
Potions
 k - a potion of magic
 o - 2 potions of curing
 p - a potion of cure mutation {unknown}
 q - 2 potions of agility
 v - a potion of invisibility
Comestibles
 c - 2 bread rations
 d - 4 meat rations
 j - a slice of pizza
 n - 3 fruits


   Skills:
 + Level 4.8 Fighting
 + Level 3.4 Long Blades
 * Level 3.0 Throwing
 + Level 3.3 Armour
 + Level 2.0 Dodging
 + Level 2.1 Shields
 * Level 2.9 Invocations
 - Level 0.4 Evocations


You had 6 spell levels left.
You didn't know any spells.

Dungeon Overview and Level Annotations

Branches:
Dungeon (4/15)
 Temple: D:4-7

Altars:
Kikubaaqudgha

Annotations:
D:4 ashvdoggzone's ghost, amateur VSBe


Innate Abilities, Weirdness & Mutations

You are under a permanent stasis effect.
You can dig through walls and to a lower floor.
Your four strong arms can wield two-handed weapons with a shield.
You have a pair of large antennae on your head (SInv).


Message History

The orc warrior is lightly wounded.
The orc warrior hits you with a glaive!
* * * LOW HITPOINT WARNING * * *
You hit the orc warrior.
The orc warrior is moderately wounded.
You block the orc warrior's attack.
You slash the orc warrior!
The orc warrior is severely wounded.
The orc warrior hits you but does no damage.
You slash the orc warrior!
The orc warrior is almost dead.
The orc warrior hits you with a glaive!
* * * LOW HITPOINT WARNING * * *
You hit the orc warrior.
The orc warrior is almost dead.
The orc warrior hits you but does no damage.
Drink which item? (? for menu, Esc to quit)
It was a potion of curing.
You feel better.
The orc warrior hits you with a glaive!!
You die...

.################################
........P........{...............
#####..P♣..P#####################
......♣♣P..♣P.............)......
####..♣♣...PP###.########.#######
#..P♣....P..##.# #.#
###+.P♣♣P.o...##.# #.#
#.....P♣♣)♣P..##.# ####'##
#......P..[...##@# ♣.♣.♣.♣#
......)P...#..##o#####......#
.......).###....o....♣.....♣#
.<....#### #.###.####.......#
#.#.### ##.###.# #♣.....♣# #...#
#....#.# #..[....# ##..# #..#.#.#
#♣.♣.♣.♣# #..#######..#.#.#
#.......##### #...........#.#.#
#.......'....


You could see an orc warrior and an orc priest.

Vanquished Creatures
  The ghost of TheWanderingKnight the Shield-Bearer, an amateur HuFi (D:3)
  An orc wizard (D:4)
  An iguana (D:4)
  2 worker ants (D:4)
  Robin (D:3)
  9 adders
  An ooze (D:1)
  An adder skeleton (D:4)
  6 worms
  5 dart slugs
  4 giant geckos
  12 orcs
  2 ball pythons
  10 giant cockroaches
  12 hobgoblins
  3 jackals (D:4)
  8 kobolds
  8 bats
  6 giant newts
  9 goblins
  10 rats
  3 bushes (D:3)
115 creatures vanquished.

Vanquished Creatures (others)
  A hobgoblin (D:4)
1 creature vanquished.

Grand Total: 116 creatures vanquished

Notes
Turn   | Place    | Note
--------------------------------------------------------------
     0 | Abyss:1  | Gadfly the Formicid Abyssal Knight began the quest for the Orb.
     0 | Abyss:1  | Reached XP level 1. HP: 18/18 MP: 2/2
    56 | D:1      | Escaped the Abyss
   309 | D:1      | Reached XP level 2. HP: 20/24 MP: 3/3
   366 | D:1      | Reached skill level 1 in Dodging
   782 | D:1      | Reached XP level 3. HP: 20/30 MP: 4/4
   798 | D:1      | Reached ** piety under Lugonu
   803 | D:1      | HP: 1/30 [dart slug (1)]
  1149 | D:1      | Reached skill level 4 in Fighting
  1149 | D:1      | Reached skill level 1 in Throwing
  1322 | D:1      | Reached XP level 4. HP: 37/37 MP: 5/5
  2110 | D:2      | Reached XP level 5. HP: 34/42 MP: 6/6
  2615 | D:3      | Reached skill level 1 in Shields
  2639 | D:3      | Reached *** piety under Lugonu
  3140 | D:3      | Noticed TheWanderingKnight's ghost (amateur HuFi)
  3153 | D:3      | Killed TheWanderingKnight's ghost
  3153 | D:3      | Reached XP level 6. HP: 36/49 MP: 7/7
  4340 | D:4      | Noticed Robin
  4351 | D:3      | Killed Robin
  4503 | D:4      | Noticed ashvdoggzone's ghost (amateur VSBe)
  5284 | D:4      | Found an ancient bone altar of Kikubaaqudgha.
  5438 | D:4      | Reached XP level 7. HP: 27/55 MP: 7/9
  6248 | D:3      | HP: 1/55 [orc warrior/glaive (16)]
  6250 | D:3      | Mangled by an orc warrior

Skill      XL: |  1  2  3  4  5  6  7 |
---------------+----------------------+-----
Dodging        | 1 2 |  2.0
Fighting       | 4 |  4.8
Throwing       | 1 2 3 |  3.0
Shields        | 2 |  2.1
Long Blades    | 3 |  3.4
Armour         | 3 |  3.3
Invocations    | |  2.9
Evocations     | |  0.4

Action                   |  1- 3 |  4- 6 |  7- 9 || total
-------------------------+-------+-------+-------++-------
Melee: Falchion          |    93 |   420 |    27 ||   540
Throw: Stone             |       |     8 |       ||     8
Invok: Bend Space        |       |     4 |     1 ||     5
       Banish            |       |     2 |       ||     2
Evoke: Wand              |       |     4 |       ||     4
  Use: Scroll            |     1 |     6 |       ||     7
       Potion            |     1 |     3 |     1 ||     5
  Eat: Chunk             |     1 |    14 |     2 ||    17
       Beef jerky        |       |     1 |       ||     1
Armor: Leather armour    |    32 |    33 |       ||    65
       Scale mail        |       |    15 |     9 ||    24
       Ring mail         |       |    13 |       ||    13
Dodge: Dodged            |    42 |    80 |     7 ||   129
Block: Shield            |    31 |   123 |    14 ||   168
